 Dungeon Crawl Stone Soup version 0.32-a0-891-gc41d80381e (webtiles) character file.

Game seed: 13842913793755518759

868 RyanvdBrokko the Chopper (level 7, -1/61 HPs)
             Began as a Minotaur Fighter on Apr 3, 2024.
             Slain by Duvessa
             ... wielding a +3 rapier
              (11 damage)
             ... on level 4 of the Dungeon.
             The game lasted 00:16:14 (3241 turns).

RyanvdBrokko the Chopper (Minotaur Fighter)         Turns: 3241, Time: 00:16:14

Health: -1/61      AC:  8    Str: 22    XL:     7   Next: 73%
Magic:  6/6        EV: 10    Int:  5    God:
Gold:   195        SH:  5    Dex: 16    Spells: 6/6 levels left

rFire   . . .        a - +0 war axe
rCold   . . .        c - +0 buckler
rNeg    . . .        b - +0 scale mail
rPois   .            (helmet restricted)
rElec   .            (no cloak)
rCorr   .            n - +0 pair of gloves
SInv    .            (no boots)
Will    .....        (no amulet) Stlth
                     p - +6 ring of dexterity
HPRegen 0.30/turn    (no ring)
MPRegen 0.10/turn

%: no passive effects
@: no status effects
A: horns 2, retaliatory headbutt
a: no special abilities


You were on level 4 of the Dungeon.
You visited 1 branch of the dungeon, and saw 4 of its levels.
You also visited: Sewer.

You collected 221 gold pieces.
You spent 26 gold pieces at shops.

Inventory:

Hand Weapons
 a - a +0 war axe (weapon)
 e - a +0 dagger
 g - a +0 dagger
 q - a +3 dagger
 F - a +3 quarterstaff of chaos
 G - a +0 hammer
 H - a +0 hand axe
 N - a +2 rapier of electrocution
Missiles
 i - 36 stones (quivered)
 o - 6 boomerangs
 v - 12 poisoned darts
Armour
 b - a +0 scale mail (worn)
 c - a +0 buckler (worn)
 n - a +0 pair of gloves (worn)
 t - a +0 leather armour
 u - a +0 scale mail
 x - the +0 ring mail of the Marlin {rElec Regen+ rCorr Dex-3}
   (You found it on level 3 of the Dungeon)

   Dex-3:     It affects your dexterity (-3).
   rElec:     It insulates you from electricity.
   Regen+:    It increases your rate of health regeneration.
   rCorr:     It protects you from acid and corrosion.
Jewellery
 p - a +6 ring of dexterity (left hand)
 I - a ring of magical power
Wands
 L - a wand of charming (18)
Scrolls
 d - 3 scrolls of identify
 f - 3 scrolls of teleportation {unknown}
 r - 2 scrolls of fear {unknown}
 s - 2 scrolls of blinking {unknown}
 w - a scroll of vulnerability {unknown}
 y - 2 scrolls of immolation {unknown}
 z - a scroll of butterflies {unknown}
 B - a scroll of revelation {unknown}
 E - a scroll of silence {unknown}
 J - 3 scrolls of enchant weapon {unknown}
 K - a scroll of fog {unknown}
 M - a scroll of torment {unknown}
Potions
 h - 4 potions of enlightenment {unknown}
 j - a potion of brilliance {unknown}
 k - a potion of attraction {unknown}
 l - 3 potions of curing {unknown}
 m - 2 potions of lignification {unknown}
 A - 2 potions of cancellation {unknown}
 C - a potion of haste {unknown}
 D - 2 potions of might


   Skills:
 + Level 5.5 Fighting
 + Level 7.3 Axes
 + Level 1.1 Staves
 + Level 6.0 Armour
 + Level 2.5 Dodging
 + Level 0.1 Stealth
 + Level 4.5 Shields


You had 6 spell levels left.
You didn't know any spells.
Your spell library contained the following spells:

 Spells                   Type           Power      Damage    Failure   Level
 Sting                    Conj/Alch      0%         1d3       83%         1
 Ensorcelled Hibernation  Hex/Ice        0%         N/A       93%         2
 Mercury Vapours          Alch/Air       0%         N/A       93%         2
 Fugue of the Fallen      Necr           0%         N/A       99%         3
 Anguish                  Hex/Necr       0%         N/A       100%        4
 Olgreb's Toxic Radiance  Alch           0%         N/A       100%        4


Dungeon Overview and Level Annotations

Branches:
Dungeon (4/15)              Sewer (visited)
 Temple: D:4-7

Altars:

Shops:
D:1 !?   D:3 (

Annotations:
D:4 Duvessa


Innate Abilities, Weirdness & Mutations

You have a pair of horns on your head.
You reflexively headbutt those who attack you in melee.


Message History

Dowan gestures at Duvessa while chanting.
Duvessa seems to speed up.
You closely miss Duvessa. You headbutt Duvessa.
Duvessa is moderately wounded.
The adder misses you. Duvessa barely misses you. You block Duvessa's attack.
Dowan hits you with a +0 dagger. The adder bites you but does no damage.
You closely miss Dowan.
Dowan is severely wounded.
You barely miss Duvessa. You closely miss the adder. Duvessa barely misses you.
The adder bites you but does no damage. Dowan barely misses you.
Duvessa hits you but does no damage. The adder bites you.
You closely miss Dowan. You headbutt Dowan.
Dowan is almost dead.
You hit Duvessa. You slash the adder! Duvessa hits you with a +3 rapier!
Dowan hits you with a +0 dagger. The adder bites you.
You block Duvessa's attack.
You slash Dowan!
You kill Dowan!
Duvessa weeps, and shakes her weapon.
Duvessa goes berserk!
You slash the adder!
You kill the adder!
You hit Duvessa. Duvessa hits you with a +3 rapier!
Your Staves skill increases to level 1!
You hit Duvessa.
Duvessa is heavily wounded.
Duvessa closely misses you. Duvessa hits you but does no damage.
You closely miss Duvessa. Your headbutt misses Duvessa.
Duvessa is heavily wounded.
Duvessa hits you with a +3 rapier. Duvessa barely misses you.
You slash Duvessa! You headbutt Duvessa.
Duvessa is severely wounded.
Duvessa hits you with a +3 rapier!!
* * * LOW HITPOINT WARNING * * *
Duvessa hits you with a +3 rapier.
* * * LOW HITPOINT WARNING * * *
You hit Duvessa but do no damage. You headbutt Duvessa!
Duvessa is almost dead.
Duvessa hits you with a +3 rapier!
You die...

................
................
#...............
#...............
.................
.................
..................
#.....)@.....)...
##.......e......#
................#
................#
...##...##.....#......
...##...##.....#.....#
#............[.#.....##
###..............#......#
................#......#


You could see Duvessa (berserk, fast).

Vanquished Creatures
  Eustachio (D:4)
  A kobold brigand (Sewer)
  Blork the orc (D:4)
  3 brain worms
  Dowan (D:4)
  A hound (D:4)
  A sleepcap (D:4)
  Crazy Yiuf (D:3)
  An orc wizard (D:4)
  Terence (D:3)
  12 adders
  A gnoll (D:1)
  2 river rats (Sewer)
  2 ribbon worms
  4 orcs (D:4)
  6 endoplasms
  4 giant cockroaches
  10 goblins
  3 hobgoblins
  4 jackals (Sewer)
  7 kobolds
  5 quokkas
  9 ball pythons
  4 bats
  7 frilled lizards
  9 rats
101 creatures vanquished.

Vanquished Creatures (others)
  An orc wizard (D:4)
1 creature vanquished.

Grand Total: 102 creatures vanquished

Notes
Turn   | Place    | Note
-------+----------+-------------------------------------------
     0 | D:1      | RyanvdBrokko the Minotaur Fighter began the quest for the
                  | Orb.
     0 | D:1      | Reached XP level 1. HP: 19/19 MP: 0/0
    55 | D:1      | Found Ilueppeo's Magic Scroll Shop.
   119 | D:1      | Reached XP level 2. HP: 19/27 MP: 1/1
   194 | D:1      | Found a faded altar of an unknown god.
   327 | D:1      | Reached skill level 3 in Axes
   327 | D:1      | Reached XP level 3. HP: 33/33 MP: 2/2
   415 | D:1      | Found Tilerets's Distillery.
   507 | D:1      | Bought a scroll of identify for 26 gold pieces
   732 | D:2      | Reached XP level 4. HP: 40/40 MP: 3/3
  1186 | D:3      | Reached skill level 4 in Axes
  1312 | D:3      | Identified the +0 ring mail of the Marlin {rElec Regen+
                  | rCorr Dex-3}
  1316 | D:3      | Found Meotac's Weapon Shop.
  1323 | D:3      | Found a glowing drain.
  1380 | Sewer    | Entered a sewer
  1399 | Sewer    | Noticed a kobold brigand
  1416 | Sewer    | Killed a kobold brigand
  1417 | Sewer    | Reached skill level 5 in Axes
  1417 | Sewer    | Reached XP level 5. HP: 47/47 MP: 4/4
  1551 | Sewer    | Reached skill level 1 in Dodging
  1551 | Sewer    | Reached XP level 6. HP: 44/53 MP: 2/5
  1618 | Sewer    | Reached skill level 5 in Armour
  1860 | Sewer    | Reached skill level 6 in Axes
  2309 | D:3      | Found a runed translucent door.
  2310 | D:3      | Noticed Crazy Yiuf
  2456 | D:3      | Killed Crazy Yiuf
  2599 | D:3      | Noticed Terence
  2605 | D:3      | Killed Terence
  2965 | D:4      | Noticed Blork the orc
  2966 | D:4      | Reached XP level 7. HP: 37/60 MP: 4/6
  2984 | D:4      | Killed Blork the orc
  2985 | D:4      | Reached skill level 5 in Fighting
  3164 | D:4      | Noticed Eustachio
  3183 | D:4      | Killed Eustachio
  3184 | D:4      | Reached skill level 7 in Axes
  3227 | D:4      | Noticed Dowan
  3227 | D:4      | Noticed Duvessa
  3237 | D:4      | Killed Dowan
  3238 | D:4      | Reached skill level 1 in Staves
  3241 | D:4      | Slain by Duvessa

Illustrated notes

Levels and vault maps discovered:
D:1:      minmay_arrival_radiant_lines, layout_rooms,
          shapermc_ecumenical_altar_hornbeckon, serial_shops, shop, shop
D:2:      layout_rooms, serial_corexii_hall, chequers_hall_statues_y,
          corexii_hall_statues_l, chequers_hall_statues_corner_a,
          corexii_hall_statues_x, kennysheep_generic_room_2
D:3:      layout_basic, portal_sewer_entry_a, serial_shops, shop,
          serial_corexii_hall, corexii_hall_statues_l,
          chequers_hall_statues_wall_a, nrook_mini_backslash, chequers_avenue,
          uniq_terence, uniq_crazy_yiuf_cottage
D:4:      layout_gridville, uniq_eustachio, uniq_blork_the_orc, uniq_duvessa

Skill      XL: |  1  2  3  4  5  6  7 |
---------------+----------------------+-----
Fighting       | 4 5 |  5.5
Armour         | 4 5 6 |  6.0
Axes           | 3 5 6 7 |  7.3
Shields        | 4 |  4.5
Dodging        | 1 2 |  2.5
Staves         | 1 |  1.1
Stealth        | |  0.1

Action                     |  1- 3 |  4- 6 |  7- 9 || total
---------------------------+-------+-------+-------++-------
  Melee: War axe           |    61 |    98 |    32 ||   191
         Headbutt          |    10 |    18 |     9 ||    37
         Quarterstaff      |       |    13 |     2 ||    15
  Evoke: Wand              |       |       |     1 ||     1
    Use: Potion            |     2 |       |       ||     2
 Armour: Scale mail        |    36 |   106 |    40 ||   182
  Dodge: Dodged            |    37 |    43 |    24 ||   104
  Block: Buckler           |    11 |    33 |    12 ||    56

Table legend: (Time is in decaauts)
 A = Elapsed time spent in this place.
 B = Non-inter-level travel time spent in this place.
 C = Inter-level travel time spent in this place.
 D = Time resting spent in this place.
 E = Time spent auto-exploring this place.
 F = Levels seen in this place.
 G = Mean time per level.
                   A        B        C        D        E       F      G
               +--------+--------+--------+--------+--------+-----+--------+
         Total |   3462 |   2941 |    521 |    194 |   1988 |   5 |  692.4 |
       Dungeon |   2637 |   2116 |    521 |    194 |   1425 |   4 |  659.2 |
         Sewer |    824 |    824 |      0 |      0 |    563 |   1 |  824.0 |
               +--------+--------+--------+--------+--------+-----+--------+

Top non-repeatable levels by time:
     D:3: 1033 daAuts
   Sewer: 824 daAuts
     D:2: 633 daAuts
     D:1: 585 daAuts
     D:4: 385 daAuts
